 Dungeon Crawl Stone Soup version 0.27.0-1-g7a089689b8 (webtiles) character file.

Game seed: 6524660987376075800

6220 rogsnak the Destroyer (level 10, -6/68 HPs)
             Began as a Demonspawn Fire Elementalist on Aug 1, 2021.
             Was a Believer of Sif Muna.
             Mangled by a sixfirhy (11 damage)
             ... summoned by a kobold demonologist
             ... on level 9 of the Dungeon.
             The game lasted 00:33:43 (9696 turns).

rogsnak the Destroyer (DsFE)                        Turns: 9696, Time: 00:33:44

Health: -6/68      AC:  8    Str:  9    XL:     10   Next: 61%
Magic:  18/22      EV: 16    Int: 20    God:    Sif Muna [**....]
Gold:   388        SH:  0    Dex: 13    Spells: 10/25 levels left

rFire    . . .     SeeInvis .   X - +5 falchion
rCold    . . .     Faith    .   (no shield)
rNeg     + . .     Spirit   .   q - +0 troll leather armour
rPois    .         Reflect  .   F - +1 hat
rElec    .         Harm     .   (no cloak)
rCorr    .         Rampage  .   v - +2 pair of gloves
Will     .....                  (no boots)
Stlth    ++........             W - amulet of regeneration
HPRegen  2.21/turn              f - +4 ring of evasion
MPRegen  0.36/turn              R - ring of positive energy

@: no status effects
A: horns 2, magic regeneration
a: Renounce Religion, Channel Magic


You were on level 9 of the Dungeon.
You worshipped Sif Muna.
Sif Muna was pleased with you.
You visited 2 branches of the dungeon, and saw 11 of its levels.
You also visited: Ossuary.

You collected 388 gold pieces.

Inventory:

Hand Weapons
 G - a +2 halberd of pain
 Q - a +1 dagger of venom
 T - a +4 morningstar
 X - a +5 falchion (weapon)
Missiles
 h - 15 boomerangs (quivered)
 m - 18 javelins
 s - 31 poisoned darts
 O - 3 atropa-tipped darts
Armour
 a - a +2 leather armour of cold resistance
 q - a +0 troll leather armour (worn)
 v - a +2 pair of gloves (worn)
 B - a +0 buckler
 D - the +1 scale mail "Maosoroh" {rF+++ rN+++ Dex-4 Stlth-}
   (You found it on level 4 of the Dungeon)

   Dex:       It affects your dexterity (-4).
   rF:        It renders you almost immune to fire.
   rN:        It renders you almost immune to negative energy.
   Stlth:     It makes you less stealthy.
 F - a +1 hat (worn)
 M - a +0 leather armour of willpower
Magical Staves
 C - a staff of death
 Y - a staff of poison
Jewellery
 f - a +4 ring of evasion (left hand)
 r - a +6 ring of strength
 R - a ring of positive energy (right hand)
 W - an amulet of regeneration (around neck)
Wands
 H - a wand of flame (16)
 P - a wand of digging (7)
Scrolls
 c - a scroll of summoning {unknown}
 e - 2 scrolls of enchant armour {unknown}
 g - 3 scrolls of magic mapping {unknown}
 i - a scroll of fear {unknown}
 j - a scroll of fog {unknown}
 w - 5 scrolls of teleportation {unknown}
 y - a scroll of torment {unknown}
 J - a scroll of amnesia
 K - 2 scrolls of blinking {unknown}
 L - a scroll of brand weapon
 N - a scroll of noise
 S - a scroll of vulnerability
 U - a scroll of holy word
 V - a scroll of enchant weapon
Potions
 b - a potion of attraction {unknown}
 d - 4 potions of berserk rage {unknown}
 k - a potion of ambrosia
 l - a potion of lignification
 n - 5 potions of mutation {unknown}
 o - 4 potions of flight {unknown}
 p - 4 potions of heal wounds {unknown}
 u - 6 potions of curing {unknown}
 z - 3 potions of brilliance {unknown}
 A - 2 potions of cancellation {unknown}
 E - a potion of degeneration
 I - a potion of magic


   Skills:
 + Level 2.4 Fighting
 + Level 0.7 Throwing
 + Level 1.5 Armour
 + Level 3.5 Dodging
 - Level 2.0 Stealth
 + Level 8.0 Spellcasting
 * Level 10.3 Conjurations
 + Level 7.2 Fire Magic
 * Level 1.4 Air Magic


You had 10 spell levels left.
You knew the following spells:

 Your Spells              Type           Power      Damage    Failure   Level
a - Foxfire               Conj/Fire      100%       2x1d9     1%          1
b - Sticky Flame          Conj/Fire      43%        2d6       3%          4
c - Fireball              Conj/Fire      21%        3d10      9%          5
d - Lightning Bolt        Conj/Air       15%        1d29      28%         5

Your spell library contained the following spells:

 Spells                   Type           Power      Damage    Failure   Level
 Static Discharge         Conj/Air       31%        N/A       1%          2
 Conjure Flame            Conj/Fire      43%        6-21      1%          3
 Inner Flame              Hex/Fire       22%        N/A       8%          3
 Pain                     Necr           32%        1d5       12%         1
 Corpse Rot               Necr/Air       N/A        N/A       13%         2
 Dispel Undead            Necr           8%         3d8       75%         4
 Agony                    Necr           8%         N/A       97%         5
 Excruciating Wounds      Necr           4%         N/A       97%         5
 Death Channel            Necr           4%         N/A       100%        6
 Maxwell's Capacitive Co  Air            6%         ∞         100%        8


Dungeon Overview and Level Annotations

Branches:
Dungeon (10/15)            Temple (1/1) D:6         Ossuary (visited)
   Lair: D:8-11         Orc: D:9-12

Altars:
Cheibriados
Dithmenos
Elyvilon
Fedhas
Gozag
Hepliaklqana
Nemelex Xobeh
Okawaru
Ru
Sif Muna
Trog
Uskayaw
Vehumet
Wu Jian
Xom
Yredelemnul
Zin
The Shining One

Shops:
D:6 *


Innate Abilities, Weirdness & Mutations

You have a pair of horns on your head.
You regenerate magic rapidly.


Message History

The white imp is lightly wounded.
The foxfire hits the iron imp.
The iron imp completely resists.
Unknown command.
Your foxfire dissipates!
The foxfire hits the white imp.
The white imp is burned terribly!
The white imp is heavily wounded.
The kobold demonologist mumbles some strange words.
The iron imp barely misses you.
The kobold demonologist mumbles some strange words.
The white imp gestures at you. The puff of frost hits you!
The ufetubus hits you but does no damage.
The ufetubus closely misses you.
The ynoxinul gestures.
The ynoxinul gestures.
The ynoxinul gestures.
The kobold demonologist gestures wildly while chanting.
The sixfirhy hits you! The sixfirhy shocks you! The sixfirhy hits you!
The sixfirhy shocks you! The sixfirhy closely misses you.
Casting: Foxfire (safe; 1% risk of failure)
Confirm with . or Enter, or press ? or * to list all spells.
Aiming: Sticky Flame (dangerous; 3% risk of failure)
Press: ? - help, Shift-Dir - straight line, f - sixfirhy
Aim: a sixfirhy (summoned, 100% to hit)
The sticky flame hits the sixfirhy.
The sixfirhy is lightly wounded.
The sixfirhy is covered in liquid flames!
The ufetubus shouts!
The sixfirhy burns!
The sixfirhy burns!
The sixfirhy burns!
The sixfirhy hits you. The sixfirhy shocks you! The sixfirhy hits you.
* * * LOW HITPOINT WARNING * * *
The sixfirhy shocks you!
* * * LOW HITPOINT WARNING * * *
The sixfirhy hits you.
* * * LOW HITPOINT WARNING * * *
The sixfirhy shocks you!
You die...

.......##§§..§ .§§§≈≈##.....#
........##§≈.. .§§§≈##......#
........### .§§≈# #......#
...#'####.## §≈# #......#
...#.......## ###+#+######
####........####++####...5.......
..........##..†....555...3.......
###................#.....5..<.#..
###.............@3.#..555.5......
.................................
#################################


You could see a sixfirhy (summoned, burning) and 3 ufetubi.

Vanquished Creatures
  A troll (D:9)
  Sigmund (D:3)
  A vampire (D:10)
  A human (D:4)
  Eustachio (D:5)
  A steam dragon (D:8)
  4 vampire mosquitoes (D:8)
  Menkaure (D:5)
  Duvessa (D:5)
  2 water moccasins (D:9)
  A hornet zombie (D:7)
  3 ice beasts
  2 orc warriors
  A sky beast (D:7)
  An ogre (D:6)
  2 black bears
  2 necrophages
  2 centaurs
  3 phantoms
  A kobold brigand (D:8)
  2 bullfrogs (D:9)
  A gnoll sergeant (D:8)
  A wyvern skeleton (D:7)
  Dowan (D:5)
  4 killer bees (D:9)
  9 wights
  A howler monkey (D:8)
  2 bullfrog zombies
  4 centaur zombies
  3 hounds
  3 jellies
  4 orc priests
  A bullfrog skeleton (D:4)
  A centaur skeleton (D:5)
  3 iguanas
  4 orc wizards
  A killer bee zombie (D:9)
  2 hound zombies (D:5)
  2 hound skeletons (D:4)
  2 mummies
  Robin (D:3)
  11 gnolls
  A howler monkey zombie (D:9)
  12 adders
  2 shadow imps
  2 white imps
  An adder skeleton (D:4)
  4 worms
  3 dart slugs
  30 orcs
  3 spectral bats (Ossuary)
  10 endoplasms
  8 giant cockroaches
  12 gnoll zombies (Ossuary)
  21 goblins
  9 hobgoblins
  14 jackals
  3 quokkas
  4 ball pythons
  9 bats
  3 bat simulacra (Ossuary)
  4 frilled lizards
  2 goblin simulacra (Ossuary)
  A goblin zombie (Ossuary)
  4 hobgoblin zombies (Ossuary)
  11 kobolds
  A kobold simulacrum (Ossuary)
  4 kobold zombies (Ossuary)
  11 orc zombies
  4 rats
  4 rat simulacra (Ossuary)
  2 spectral goblins (Ossuary)
  2 spectral kobolds (Ossuary)
  3 spectral rats (Ossuary)
299 creatures vanquished.

Vanquished Creatures (collateral kills)
  2 foxfires (Ossuary)
2 creatures vanquished.

Vanquished Creatures (others)
  1118 foxfires
1118 creatures vanquished.

Grand Total: 1419 creatures vanquished

Notes
Turn   | Place    | Note
-------+----------+-------------------------------------------
     0 | D:1      | rogsnak the Demonspawn Fire Elementalist began the quest
                  | for the Orb.
     0 | D:1      | Reached XP level 1. HP: 13/13 MP: 3/3
   148 | D:1      | Gained mutation: You have a pair of small horns on your
                  | head. [demonic ancestry]
   148 | D:1      | Reached XP level 2. HP: 8/19 MP: 0/5
  1481 | D:2      | Reached XP level 3. HP: 24/24 MP: 3/6
  2018 | D:2      | Reached XP level 4. HP: 31/31 MP: 1/8
  2425 | D:2      | Reached skill level 2 in Conjurations
  2903 | D:3      | Found a sparkling altar of Nemelex Xobeh.
  3021 | D:3      | Noticed Sigmund
  3040 | D:3      | Killed Sigmund
  3041 | D:3      | Reached skill level 3 in Conjurations
  3041 | D:3      | Reached XP level 5. HP: 32/36 MP: 1/10
  3041 | D:3      | Gained mutation: You regenerate magic rapidly. [demonic
                  | ancestry]
  3041 | D:3      | Reached XP level 6. HP: 37/42 MP: 1/11
  3243 | D:3      | Noticed Robin
  3259 | D:3      | Killed Robin
  3604 | D:4      | Found a runed translucent door.
  3604 | D:4      | Noticed a human
  3654 | D:4      | Found a basalt altar of Yredelemnul.
  3664 | D:4      | Learned a level 4 spell: Sticky Flame
  3670 | D:4      | Learned a level 5 spell: Fireball
  3989 | D:4      | Identified the +1 scale mail "Maosoroh" {rF+++ rN+++ Dex-4
                  | Stlth-}
  4036 | D:4      | Reached skill level 4 in Conjurations
  4237 | D:4      | Found a bloodstained altar of Trog.
  4278 | D:4      | Killed a human
  4279 | D:4      | Reached XP level 7. HP: 40/47 MP: 7/13
  4423 | D:5      | Entered Level 5 of the Dungeon
  4448 | D:5      | Reached skill level 5 in Conjurations
  4512 | D:5      | Noticed Eustachio
  4520 | D:5      | Killed Eustachio
  4668 | D:5      | Found an ornate altar of the Wu Jian Council.
  4693 | D:5      | Reached skill level 1 in Fighting
  4693 | D:5      | Gained mutation: You have a pair of horns on your head.
                  | [demonic ancestry]
  4693 | D:5      | Reached XP level 8. HP: 54/54 MP: 10/15
  4784 | D:5      | Reached skill level 5 in Fire Magic
  4894 | D:6      | Reached skill level 5 in Spellcasting
  4931 | D:6      | Reached skill level 6 in Conjurations
  5029 | D:6      | Found a sand-covered staircase.
  5132 | Ossuary  | Entered an ossuary
  5620 | D:6      | Found a staircase to the Ecumenical Temple.
  5638 | Temple   | Entered the Ecumenical Temple
  5676 | Temple   | Became a worshipper of Sif Muna the Loreminder
  5973 | D:5      | Reached skill level 7 in Conjurations
  6048 | D:5      | Noticed Dowan
  6054 | D:5      | Killed Dowan
  6069 | D:5      | Noticed Duvessa
  6079 | D:5      | Killed Duvessa
  6235 | D:5      | Noticed Menkaure
  6241 | D:5      | Killed Menkaure
  6242 | D:5      | Reached XP level 9. HP: 61/61 MP: 14/18
  6763 | D:6      | Found Gaamoiga's General Store.
  6798 | D:6      | Reached skill level 8 in Conjurations
  6825 | D:6      | Reached * piety under Sif Muna
  7646 | D:8      | Found a sacrificial altar of Ru.
  7751 | D:8      | Reached skill level 9 in Conjurations
  7900 | D:8      | Reached ** piety under Sif Muna
  7906 | D:8      | Reached XP level 10. HP: 67/67 MP: 1/21
  8089 | D:8      | Found a shimmering altar of Xom.
  8605 | D:9      | Found a shadowy altar of Dithmenos.
  8706 | D:9      | Learned a level 5 spell: Lightning Bolt
  8733 | D:9      | Identified the +3 scale mail of Peek-a-Boo {rF+ Regen+
                  | rCorr Int+3}
  8793 | D:9      | Found a radiant altar of Vehumet.
  8795 | D:9      | Found a snail-covered altar of Cheibriados.
  9163 | D:9      | You fall into a shaft and drop 1 floor!
  9163 | D:10     | Entered Level 10 of the Dungeon
  9170 | D:10     | Reached skill level 10 in Conjurations
  9263 | D:10     | Noticed a two-headed ogre
  9385 | D:10     | Reached skill level 1 in Armour
  9438 | D:10     | Reached skill level 1 in Air Magic
  9692 | D:9      | Noticed a sixfirhy
  9696 | D:9      | Mangled by a sixfirhy

Illustrated notes

Levels and vault maps discovered:
D:1:      mrwooster_arrival_statue_3, layout_basic, minmay_pentomino_u2
D:2:      layout_basic, lightli_corner_chamber
D:3:      layout_basic, mainiacjoe_overflow_paths, lemuel_round_altar,
          kennysheep_crisscross, minmay_unequal, uniq_sigmund, uniq_robin
D:4:      layout_cave_pools, dk_yredelemnul_ordeal, overflow_temple_1_default
D:5:      layout_loops_ring, nicolae_wu_jian_wuxing_cycle,
          hangedman_decor_riveting, uniq_eustachio, uniq_duvessa, uniq_menkaure
D:6:      layout_loops_cross, minmay_temple_entry_tees,
          nicolae_ossuary_entry_giza, serial_shops, kennysheep_mini_moat
D:7:      layout_basic
D:8:      layout_cave_pools, mainiacjoe_overflow_catch_the_wave
D:9:      layout_stronghold, chequers_temple_overflow_statue_of_worship,
          nicolae_dithmenos_the_darkroom, hangedman_decor_growths,
          kennysheep_big_empty_room
D:10:     cheibrodos_helix_gallery, layout_small_grid, kennysheep_nub,
          kennysheep_generic_room_13, uniq_urug
Temple:   hc_temple_tempest_star

Skill      XL: |  1  2  3  4  5  6  7  8  9 10 |
---------------+-------------------------------+-----
Dodging        | 2 3 |  3.5
Fire Magic     | 3 4 5 6 7 |  7.2
Conjurations   | 3 4 5 7 9 10 | 10.3
Spellcasting   | 3 4 6 7 8 |  8.0
Stealth        | 2 |  2.0
Fighting       | 1 2 |  2.4
Armour         | 1 |  1.5
Air Magic      | 1 |  1.4
Throwing       | |  0.7

Action                   |  1- 3 |  4- 6 |  7- 9 | 10-12 || total
-------------------------+-------+-------+-------+-------++-------
Melee: Unarmed           |    18 |       |       |       ||    18
       Falchion          |    10 |    21 |    57 |    21 ||   109
       Club              |     4 |       |       |       ||     4
       Dagger            |     1 |       |     8 |       ||     9
       Headbutt          |     2 |     2 |    18 |     4 ||    26
Throw: Boomerang         |       |       |       |     7 ||     7
 Cast: Foxfire           |    78 |   163 |   317 |   128 ||   686
       Sticky Flame      |       |     1 |    21 |    15 ||    37
       Fireball          |       |       |     3 |       ||     3
  Use: Scroll            |       |       |       |    10 ||    10
 Stab: Sleeping          |     1 |     1 |       |       ||     2
Armor: Robe              |    13 |     2 |    13 |    10 ||    38
       Troll leather arm |       |       |       |     7 ||     7
Dodge: Dodged            |    40 |    24 |    56 |    64 ||   184
       Rpst.: Falchion   |     6 |     4 |    13 |    11 ||    34
